 Dungeon Crawl Stone Soup version 0.32-a0-859-gb0a091d592 (webtiles) character file.

Game seed: 4432836081439979558

15666 bmack86 the Severer (level 12, -1/108 HPs)
             Began as a Minotaur Fighter on Mar 27, 2024.
             Was an Initiate of Gozag.
             Incinerated by a deep elf pyromancer (18 damage)
             ... with a pyre arrow
             ... on level 12 of the Dungeon.
             The game lasted 00:26:27 (9752 turns).

bmack86 the Severer (Minotaur Fighter)              Turns: 9752, Time: 00:26:28

Health: -1/108     AC: 22    Str: 26    XL:     12   Next: 3%
Magic:  11/11      EV:  5    Int:  5    God:    Gozag
Gold:   2796       SH: 15    Dex: 10    Spells: 11/11 levels left

rFire   . . .        C - +1 war axe (heavy)
rCold   . . .        k - +0 kite shield
rNeg    . . .        u - +2 plate armour
rPois   .            (helmet restricted)
rElec   .            l - +1 cloak
rCorr   .            (no gloves)
SInv    .            (no boots)
Will    .....        m - amulet of reflection Stlth
                     g - +4 ring of protection
HPRegen 0.38/turn    J - +4 ring of slaying
MPRegen 0.12/turn

%: reflection
@: on fire, glowing
A: horns 2, retaliatory headbutt
a: Renounce Religion, Potion Petition, Call Merchant, Bribe Branch


You were on level 12 of the Dungeon.
You worshipped Gozag.
Gozag was most pleased with you.
You visited 2 branches of the dungeon, and saw 13 of its levels.
You also visited: Sewer, Ossuary and Bailey.

You collected 3020 gold pieces.
You spent 164 gold pieces at shops.
You paid 60 gold pieces to Gozag.

Inventory:

Hand Weapons
 C - a +1 heavy war axe (weapon)
 H - a +4 war axe of protection
 K - a +1 war axe of electrocution
Missiles
 e - 25 boomerangs (quivered)
 t - 9 javelins
 G - 9 curare-tipped darts
Armour
 k - a +0 kite shield (worn)
 l - a +1 cloak (worn)
 u - a +2 plate armour (worn)
Jewellery
 g - a +4 ring of protection (left hand)
 m - an amulet of reflection (around neck)
 q - a ring of positive energy
 F - a ring of poison resistance
 J - a +4 ring of slaying (right hand)
Wands
 b - a wand of flame (15)
 c - a wand of polymorph (7)
 h - a wand of mindburst (7)
 A - a wand of light (14)
Scrolls
 a - a scroll of immolation
 f - 7 scrolls of teleportation
 i - 2 scrolls of amnesia
 n - 2 scrolls of poison
 r - 3 scrolls of fear
 v - a scroll of enchant weapon
 y - 3 scrolls of revelation
 B - 2 scrolls of identify
Potions
 d - 2 potions of might
 j - 5 potions of curing
 o - 4 potions of heal wounds
 p - a potion of enlightenment
 s - 3 potions of berserk rage
 w - 5 potions of brilliance
 x - 2 potions of cancellation
 z - 4 potions of mutation
 D - 3 potions of haste


   Skills:
 * Level 10.9 Fighting
 - Level 18.0 Axes
 + Level 8.2 Armour
 + Level 8.8 Shields


You had 11 spell levels left.
You didn't know any spells.
Your spell library contained the following spells:

 Spells                   Type           Power      Damage    Failure   Level
 Freeze                   Ice            0%         1d3       100%        1
 Magic Dart               Conj           0%         1d3       100%        1
 Summon Small Mammal      Summ           0%         N/A       100%        1
 Blink                    Tloc           0%         N/A       100%        2
 Call Imp                 Summ           0%         N/A       100%        2
 Sublimation of Blood     Necr           0%         N/A       100%        2
 Call Canine Familiar     Summ           0%         N/A       100%        3
 Frozen Ramparts          Ice            0%         1d1       100%        3
 Hailstorm                Conj/Ice       0%         3d5       100%        3
 Tukima's Dance           Hex            0%         N/A       100%        3
 Dimensional Bullseye     Hex/Tloc       0%         N/A       100%        4
 Iskenderun's Mystic Bla Conj/Tloc 0%             2d3        (+2d1     100%        4
 Maxwell's Portable Pile  Tloc           0%         2d(5-10)  100%        4
 Petrify                  Alch/Erth      0%         N/A       100%        4
 Summon Blazeheart Golem  Fire/Summ      0%         N/A       100%        4
 Arcjolt                  Conj/Air       0%         1d10      100%        5
 Irradiate                Conj/Alch      0%         3d11      100%        5
 Maxwell's Capacitive Co  Air            0%         ∞         100%        8


Dungeon Overview and Level Annotations

Branches:
Dungeon (12/15)            Temple (1/1) D:4            Lair (0/5) D:9
    Orc (0/2) D:11          Sewer (visited)         Ossuary (visited)
 Bailey (visited)

Altars:
Ashenzari
Cheibriados
Dithmenos
Elyvilon
Fedhas
Gozag
Hepliaklqana
Kikubaaqudgha
Makhleb
Nemelex Xobeh
Okawaru
Qazlal
Ru
Sif Muna
Trog
Uskayaw
Vehumet
Wu Jian
Xom
Yredelemnul
Zin
The Shining One

Shops:
D:5 *

Annotations:
D:7 3 runed translucent doors, Foxy's ghost, novice CoGl; Steellotus's ghost, novice OpSh


Innate Abilities, Weirdness & Mutations

You have a pair of horns on your head.
You reflexively headbutt those who attack you in melee.


Message History

You headbutt the acid dragon! You block the acid dragon's attack.
You slash the acid dragon! You headbutt the acid dragon.
The acid dragon is almost dead.
The acid dragon spits acid at you. The splash of acid hits you!
You slice the acid dragon!!
You kill the acid dragon!
The deep elf pyromancer casts a spell at you.
The pyre arrow hits you.
You are covered in intense liquid fire!
You shake off some of the fire as you move.
The liquid fire burns you!
You see here 23 gold pieces.
You shake off some of the fire as you move.
The liquid fire burns you!
The deep elf pyromancer casts a spell at you.
The bolt of fire hits you!!
You shake off the liquid fire.
You hit the deep elf pyromancer.
The deep elf pyromancer is lightly wounded.
You are no longer corroded.
The deep elf pyromancer points at you and mumbles some strange words.
The pyre arrow hits you.
You are covered in intense liquid fire!
You closely miss the deep elf pyromancer.
You headbutt the deep elf pyromancer.
The deep elf pyromancer is moderately wounded.
The liquid fire burns you!
* * * LOW HITPOINT WARNING * * *
You block the deep elf pyromancer's attack.
You barely miss the deep elf pyromancer.
The deep elf pyromancer is moderately wounded.
The liquid fire burns you!
* * * LOW HITPOINT WARNING * * *
You block the deep elf pyromancer's attack.
You slice the deep elf pyromancer!!
The deep elf pyromancer is severely wounded.
The liquid fire burns you!
You die...
Your body crumbles into a pile of gold.

#.........###.##...
#.........# # ##.#
####....#### #.# .
......#.######. #.#
..#####............
...
#............#####.
#.# #........_..#
#.. #[.....$...##
### #....e@....#
#.....!....#
#....>.....#
#....>.....#
#..........#
............#
..##..#####.# ..
##. ..


You could see a deep elf pyromancer.

Vanquished Creatures
  2 two-headed ogres
  A deep elf pyromancer (D:11)
  2 ugly things (D:11)
  Maurice (D:7)
  A manticore (D:11)
  Jeremiah (D:7)
  2 kobold demonologists
  A gargoyle (D:12)
  2 unseen horrors
  Psyche (D:10)
  3 trolls (D:10)
  4 hornets
  A shadow (D:6)
  Sigmund (D:3)
  2 wraiths
  A wyvern (D:9)
  10 yaks
  2 vampire mosquitoes (D:11)
  Menkaure (D:7)
  2 acid dragons
  A water moccasin (D:9)
  11 orc warriors
  An ice beast (D:7)
  3 sky beasts
  3 ogres
  2 black bears (D:6)
  A wolf (D:5)
  5 centaurs
  A phantom (D:5)
  8 kobold brigands
  An elf zombie (Ossuary)
  3 bullfrogs
  5 gnoll sergeants
  3 scorpions
  9 wights
  13 killer bees
  4 howler monkeys
  A bombardier beetle (D:4)
  8 hounds
  7 orc priests
  A gnoll bouda (D:5)
  A jelly (D:7)
  A sleepcap (D:6)
  Terence (D:2)
  Crazy Yiuf (D:7)
  Jessica (D:3)
  An iguana (D:5)
  9 orc wizards
  A hell rat (Sewer)
  4 scorpion zombies (Ossuary)
  3 mummies (Ossuary)
  Robin (D:4)
  23 gnolls
  7 adders
  5 river rats
  5 shadow imps
  2 ufetubi (D:5)
  2 adder zombies (Ossuary)
  2 dart slugs
  40 orcs
  3 bats
  4 endoplasms
  A giant cockroach (D:3)
  20 goblins
  9 hobgoblins
  2 quokkas
  A ball python (D:3)
  3 frilled lizards
  3 gnoll zombies (Ossuary)
  A goblin zombie (D:7)
  2 jackal zombies (Ossuary)
  13 kobolds
  5 kobold zombies (Ossuary)
  4 rats (D:3)
  A rat zombie (D:7)
314 creatures vanquished.

Notes
Turn   | Place    | Note
-------+----------+-------------------------------------------
     0 | D:1      | bmack86 the Minotaur Fighter began the quest for the Orb.
     0 | D:1      | Reached XP level 1. HP: 19/19 MP: 0/0
   362 | D:1      | Reached XP level 2. HP: 26/26 MP: 1/1
   884 | D:2      | Reached skill level 3 in Axes
   986 | D:2      | Reached XP level 3. HP: 31/31 MP: 2/2
  1055 | D:2      | Noticed Terence
  1069 | D:2      | Killed Terence
  1070 | D:2      | Reached skill level 5 in Shields
  1073 | D:2      | Reached skill level 4 in Axes
  1073 | D:2      | Reached XP level 4. HP: 26/39 MP: 3/3
  1355 | D:3      | Noticed Jessica
  1357 | D:3      | Killed Jessica
  1365 | D:3      | Found an opulent altar of Gozag.
  1413 | D:3      | Noticed Sigmund
  1435 | D:3      | Killed Sigmund
  1436 | D:3      | Reached skill level 6 in Axes
  1436 | D:3      | Reached XP level 5. HP: 35/45 MP: 4/4
  1449 | D:3      | Reached XP level 6. HP: 40/51 MP: 5/5
  1496 | D:3      | Reached skill level 7 in Axes
  1496 | D:3      | Found a glowing drain.
  1500 | Sewer    | Entered a sewer
  1673 | D:3      | Noticed an orc warrior
  1696 | D:3      | Killed an orc warrior
  1697 | D:3      | Reached skill level 8 in Axes
  1842 | D:3      | Found a snail-covered altar of Cheibriados.
  1965 | D:3      | Became a worshipper of Gozag Ym Sagoz the Greedy
  2444 | D:4      | Found a broken altar of Ashenzari.
  2551 | D:4      | Reached XP level 7. HP: 57/57 MP: 6/6
  2554 | D:4      | Found a stormy altar of Qazlal.
  2705 | D:4      | Found a staircase to the Ecumenical Temple.
  2726 | Temple   | Entered the Ecumenical Temple
  2900 | D:4      | Noticed Robin
  2905 | D:4      | Killed Robin
  2906 | D:4      | Reached skill level 9 in Axes
  3014 | D:5      | Entered Level 5 of the Dungeon
  3070 | D:5      | Reached skill level 10 in Axes
  3236 | D:5      | Reached XP level 8. HP: 64/64 MP: 7/7
  3332 | D:5      | Reached skill level 11 in Axes
  3482 | D:5      | Reached skill level 12 in Axes
  3541 | D:5      | Found Qidghinill's General Store.
  3555 | D:5      | Bought a scroll of enchant armour for 82 gold pieces
  3555 | D:5      | Bought a scroll of enchant weapon for 82 gold pieces
  3700 | D:5      | Found an iron altar of Okawaru.
  3958 | D:6      | Noticed a hornet
  3959 | D:6      | Reached skill level 13 in Axes
  3963 | D:6      | Paralysed by a hornet for 2 turns
  3968 | D:6      | Killed a hornet
  4188 | D:6      | Found a white marble altar of Elyvilon.
  4217 | D:6      | Reached XP level 9. HP: 67/70 MP: 8/8
  4283 | D:6      | Identified the +1 dagger of the Fray {drain, rPois rF+}
  4302 | D:6      | Reached skill level 14 in Axes
  4435 | D:6      | Found a sparkling altar of Nemelex Xobeh.
  4982 | D:6      | Found a basalt altar of Yredelemnul.
  5026 | D:7      | Reached skill level 15 in Axes
  5068 | D:7      | Noticed Menkaure
  5073 | D:7      | Killed Menkaure
  5090 | D:7      | Found a sand-covered staircase.
  5176 | Ossuary  | Entered an ossuary
  5338 | Ossuary  | Reached skill level 16 in Axes
  5414 | D:7      | Found a flagged portal.
  5424 | Bailey   | Entered a bailey
  5515 | Bailey   | Reached XP level 10. HP: 57/77 MP: 9/9
  5602 | Bailey   | Reached skill level 17 in Axes
  5602 | Bailey   | Found a burning altar of Makhleb.
  5611 | Bailey   | Identified the +10 mace "Husal" {antimagic, rPois rN++}
  5716 | D:7      | Paralysed by a hornet for 3 turns
  5889 | D:7      | Found a runed translucent gate.
  5890 | D:7      | Found a runed translucent gate.
  5890 | D:7      | Found a runed translucent gate.
  5891 | D:7      | Noticed Steellotus's ghost (novice OpSh)
  5891 | D:7      | Noticed Foxy's ghost (novice CoGl)
  6182 | D:7      | Noticed Jeremiah
  6190 | D:7      | Killed Jeremiah
  6336 | D:7      | Found a runed translucent door.
  6337 | D:7      | Noticed Crazy Yiuf
  6342 | D:7      | Killed Crazy Yiuf
  6419 | D:7      | Noticed Maurice
  6429 | D:7      | Killed Maurice
  6430 | D:7      | Reached skill level 18 in Axes
  6898 | D:8      | Reached skill level 5 in Fighting
  7442 | D:9      | Noticed a two-headed ogre
  7449 | D:9      | Killed a two-headed ogre
  7450 | D:9      | Reached skill level 5 in Armour
  7526 | D:9      | Found a glowing silver altar of Zin.
  7559 | D:9      | Reached XP level 11. HP: 89/91 MP: 10/10
  7591 | D:9      | Found a staircase to the Lair.
  7699 | D:9      | Found a shadowy altar of Dithmenos.
  8111 | D:10     | Entered Level 10 of the Dungeon
  8111 | D:10     | Noticed Psyche
  8117 | D:10     | Killed Psyche
  8216 | D:10     | Noticed a two-headed ogre
  8223 | D:10     | Killed a two-headed ogre
  8523 | D:10     | Found a glowing golden altar of the Shining One.
  9065 | D:11     | Noticed a deep elf pyromancer
  9082 | D:11     | Killed a deep elf pyromancer
  9187 | D:11     | Reached skill level 10 in Fighting
  9339 | D:11     | Found a staircase to the Orcish Mines.
  9451 | D:11     | Noticed a purple ugly thing
  9452 | D:11     | Noticed a cyan ugly thing
  9458 | D:11     | Killed a purple ugly thing
  9465 | D:11     | Killed a cyan ugly thing
  9625 | D:11     | Identified the +3 leather armour "Zeuguge" {rN+}
  9657 | D:12     | Reached XP level 12. HP: 94/108 MP: 11/11
  9733 | D:12     | Found a shimmering altar of Xom.
  9752 | D:12     | Incinerated by a deep elf pyromancer

Illustrated notes

Levels and vault maps discovered:
D:1:      evilmike_arrival_hilbert_curve, layout_loops_ring, minmay_bisected
D:2:      layout_rooms, uniq_terence
D:3:      layout_basic, lemuel_doored_altar, cheibriados_altar_1,
          mainiacjoe_sewer_entry_somewhere_in_here_2, uniq_jessica, uniq_sigmund
D:4:      layout_basic, lemuel_coloured_pillars_altar,
          nicolae_qazlal_scattered_showers, minmay_temple_entry_offerings,
          uniq_robin
D:5:      layout_cave_pools, kennysheep_okawaru_gauntlet, serial_gnoll_camp,
          gnoll_camp_mini_hut, gnoll_camp_huts_basic, gnoll_camp_mini_loothouse,
          gnoll_camp_mini_shop, gnoll_camp_mini_hut, gnoll_camp_mini_hut,
          columned_hall_lemuel
D:6:      layout_cave_pools, kennysheep_ying_yang, nemelex_dance_club_becter,
          corexii_checkpoint
D:7:      layout_loops_ring, enter_ossuary_4, gammafunk_ghost_cemetery,
          enter_bailey_3, serial_rivers, chequers_serial_rivers_room_b,
          chequers_serial_rivers_micro_d, chequers_serial_rivers_small_3,
          chequers_serial_rivers_large_a, chequers_serial_rivers_room_b,
          chequers_serial_rivers_micro_a, uniq_menkaure, uniq_jeremiah,
          uniq_crazy_yiuf_cottage, uniq_maurice
D:8:      layout_loops_ring
D:9:      layout_roguey, nicolae_overflow_crystal_walls, general_overflow_altar,
          lair_entry_dummy
D:10:     layout_rooms, tso_metal_star, uniq_psyche
D:11:     layout_cave_pools, david_orc_3
D:12:     nzn_motion_control, layout_rooms, brannock_xom_greatest_gift
Temple:   jpeg_temple_clearing

Skill      XL: |  1  2  3  4  5  6  7  8  9 10 11 |
---------------+----------------------------------+-----
Shields        | 4 5 6 8 |  8.8
Axes           | 3 4 6 8 10 13 16 18 | 18.0
Fighting       | 6 10 | 10.9
Armour         | 5 8 |  8.2

Action                     |  1- 3 |  4- 6 |  7- 9 | 10-12 || total
---------------------------+-------+-------+-------+-------++-------
  Melee: War axe           |    57 |   108 |   325 |   314 ||   804
         Headbutt          |     6 |    14 |    52 |    57 ||   129
  Throw: Boomerang         |     3 |       |    19 |    20 ||    42
    Use: Scroll            |     2 |    12 |     6 |     9 ||    29
         Potion            |       |       |     1 |     1 ||     2
   Stab: Distracted        |       |       |     2 |     2 ||     4
 Armour: Scale mail        |    49 |     3 |       |       ||    52
         Chain mail        |       |    56 |       |       ||    56
         Plate armour      |       |    21 |   259 |   241 ||   521
  Dodge: Dodged            |    45 |    35 |    48 |    37 ||   165
  Block: Buckler           |    16 |    28 |    12 |       ||    56
         Kite shield       |       |       |   216 |   219 ||   435
         Reflection        |       |       |     7 |    18 ||    25

Table legend: (Time is in decaauts)
 A = Elapsed time spent in this place.
 B = Non-inter-level travel time spent in this place.
 C = Inter-level travel time spent in this place.
 D = Time resting spent in this place.
 E = Time spent auto-exploring this place.
 F = Levels seen in this place.
 G = Mean time per level.
                   A        B        C        D        E       F      G
               +--------+--------+--------+--------+--------+-----+--------+
         Total |   9764 |   9543 |    221 |    394 |   6260 |  16 |  610.2 |
       Dungeon |   9182 |   8961 |    221 |    350 |   6227 |  12 |  765.2 |
        Temple |      1 |      1 |      0 |      0 |      0 |   1 |    1.0 |
         Sewer |    111 |    111 |      0 |      0 |      0 |   1 |  111.0 |
       Ossuary |    208 |    208 |      0 |      0 |      0 |   1 |  208.0 |
        Bailey |    260 |    260 |      0 |     44 |     33 |   1 |  260.0 |
               +--------+--------+--------+--------+--------+-----+--------+

Top non-repeatable levels by time:
     D:6: 1134 daAuts
     D:7: 1104 daAuts
     D:5: 877 daAuts
     D:1: 868 daAuts
    D:10: 862 daAuts
     D:3: 829 daAuts
     D:4: 766 daAuts
     D:8: 755 daAuts
     D:9: 740 daAuts
    D:11: 624 daAuts
     D:2: 509 daAuts
  Bailey: 260 daAuts
 Ossuary: 208 daAuts
   Sewer: 111 daAuts
    D:12: 106 daAuts
